Map: Lerilak Crest

Players

Stinkums

  • Race: Terran Terran
  • League: Diamond

LilDicky - Winner!

  • Race: Terran Terran
  • League: Diamond

VOD

http://www.twitch.tv/tumescentpie

Description

Time

  • Played on: Dec. 10, 2015, 10:36 a.m.
  • Length: 44:11
Show
View Real Time Build Order
Export as new Build Order

Stinkums Terran 

Build Orders: Reaper Expand, Bio Tank 

Get SALT Encoding   

  12  0:00  SCV  
  13  0:13  SCV  
  14  0:17  Supply Depot  
  14  0:25  SCV  
  15  0:39  SCV, Barracks  
  16  0:45  Refinery  
  16  0:51  SCV  
  17  1:03  SCV  
  18  1:15  SCV  
  19  1:27  Reaper  
  19  1:29  Orbital Command  
  20  1:48  Command Center  
  20  1:59  SCV, Marine  
  22  2:01  Refinery  
  21  2:11  SCV  
  21  2:14  Factory  
  22  2:17  Marine  
  23  2:27  Supply Depot  
  23  2:45  Barracks Reactor, SCV  
  23  2:57  SCV  
  24  2:58  Starport  
  24  3:01  Orbital Command  
  24  3:04  Hellion  
  26  3:10  SCV  
  27  3:21  Marine x2  
  27  3:22  SCV  
  27  3:24  Orbital Command  
  27  3:26  Factory Tech Lab  
  30  3:34  Supply Depot, SCV  
  30  3:35  Viking  
  33  3:46  SCV  
  33  3:47  Cyclone  
  37  3:52  Mag-Field Accelerator  
  37  3:53  SCV  
  38  3:58  SCV  
  39  4:07  SCV  
  39  4:08  Viking  
  42  4:12  Engineering Bay  
  42  4:14  SCV  
  43  4:20  SCV  
  44  4:25  Marine  
  44  4:26  SCV, Marine  
  47  4:43  SCV  
  48  4:46  Refinery, Missile Turret  
  48  4:47  Refinery  
  48  4:57  SCV  
  40  5:07  SCV  
  40  5:09  SCV  
  42  5:14  Marine x2  
  42  5:16  Siege Tank  
  42  5:20  SCV, Medivac  
  48  5:31  Barracks  
  48  5:32  Terran Infantry Weapons Level 1, Barracks  
  48  5:34  Barracks, Missile Turret  
  47  5:37  Missile Turret  
  45  5:45  SCV x2  
  45  5:48  Marine x2  
  47  5:51  Cyclone  
  47  6:02  SCV x2  
  48  6:14  SCV x2  
  50  6:21  Barracks Tech Lab  
  50  6:22  Marine x2  
  52  6:26  SCV x2  
  54  6:41  Supply Depot x2  
  54  6:42  Supply Depot, Stimpack, Starport Reactor  
  54  6:54  Missile Turret  
  54  7:02  Supply Depot  
  54  7:03  SCV x2, Siege Tank, Marine x5  
  62  7:15  SCV x2  
  64  7:17  Supply Depot  
  64  7:20  Marine x3  
  67  7:27  SCV x2, Medivac x2  
  73  7:35  Siege Tank  
  73  7:39  SCV x2  
  75  7:46  Marine x5  
  75  7:49  Terran Infantry Armor Level 1  
  80  7:53  Command Center  
  80  8:07  Siege Tank  
  83  8:14  SCV x2  
  85  8:22  Marine x5  
  85  8:24  Viking x2  
  94  8:42  Factory x2  
  94  8:46  Combat Shields  
  94  8:50  Barracks Tech Lab  
  94  8:53  Armory  
  94  8:54  SCV x2, Marauder, Marine x3  
  101  8:55  Supply Depot  
  101  8:56  Supply Depot  
  101  9:05  Siege Tank  
  101  9:06  SCV x2  
  101  9:07  Missile Turret  
  105  9:18  Orbital Command  
  105  9:20  SCV x2  
  107  9:29  Missile Turret  
  107  9:30  Marauder  
  107  9:31  Marauder, Marine x3  
  112  9:35  Factory Tech Lab x2  
  112  9:38  SCV x2  
  116  9:44  SCV  
  117  9:48  Terran Infantry Weapons Level 2  
  117  9:49  Terran Vehicle Weapons Level 1, Marine x2  
  117  9:50  SCV x2  
  121  9:54  Siege Tank  
  121  9:59  Siege Tank  
  127  10:01  Siege Tank  
  127  10:05  SCV x2  
  132  10:10  Refinery  
  132  10:11  Refinery  
  132  10:15  Marine  
  132  10:17  Concussive Shells  
  133  10:39  Marine  
  133  10:42  Marauder  
  132  10:45  Marauder  
  127  10:52  Marine x2  
  127  10:57  Marine  
  129  11:03  Marauder  
  117  11:06  Marine  
  107  11:31  Marauder, Marine x4  
  113  11:32  Viking x2  
  113  11:33  Siege Tank  
  113  11:34  Siege Tank x2  
  126  11:49  Marine  
  127  12:06  Siege Tank x2  
  133  12:09  Starport x2  
  133  12:11  Starport  
  133  12:13  Command Center  
  133  12:17  Missile Turret  
  133  12:28  Supply Depot  
  133  12:29  Supply Depot x2  
  133  12:31  Supply Depot  
  133  12:33  Supply Depot  
  133  12:34  SCV, Marauder, Siege Tank, Medivac  
  141  12:49  Thor  
  141  12:50  Marauder  
  141  12:51  Thor, Medivac, SCV, Marine x3  
  161  13:06  Thor  
  161  13:09  Marine  
  161  13:21  Viking x2  
  161  13:22  Starport Reactor x2  
  161  13:23  Starport Reactor  
  165  13:47  Marine x3  
  161  14:01  Marauder x2  
  155  14:05  Marine x3  
  141  14:22  Marine x3  
  141  14:23  Marine  
  140  14:27  Marine  
  137  14:31  Viking  
  137  14:32  Viking x4  
  137  14:33  SCV x2  
  137  14:36  Orbital Command  
  149  14:39  Barracks  
  149  14:40  Marine, Barracks, Marauder x2  
  149  14:41  Barracks  
  154  14:56  Terran Vehicle Weapons Level 2, Terran Infantry Weapons Level 3  
  154  14:58  Refinery  
  154  14:59  Siege Tank x3  
  163  15:01  Missile Turret  
  163  15:02  Marauder, Marine x2  
  163  15:03  Marine, Refinery, Marauder  
  170  15:11  SCV x3  
  170  15:31  Siege Tank x3  
  169  15:56  Viking  
  169  15:57  Viking  
  169  16:18  Marine x2  
  169  16:19  Marine x4, Marauder x2  
  176  16:27  Viking x5  
  184  16:36  Marine  
  181  16:57  Viking  
  181  16:58  Viking x2  
  167  17:17  Marine x3, Marauder x2  
  167  17:18  Barracks Reactor  
  167  17:19  Barracks Reactor  
  150  17:40  Marine  
  150  17:41  Marauder x2, Marine x3  
  150  17:42  Missile Turret  
  150  17:43  Command Center  
  158  17:44  Liberator  
  158  17:45  Missile Turret  
  158  17:54  Missile Turret x2  
  158  17:59  Thor x3  
  158  18:05  Terran Infantry Armor Level 2  
  179  18:10  Refinery  
  179  18:12  Refinery  
  179  18:36  Starport  
  179  18:38  Starport  
  179  18:39  Fusion Core  
  179  18:40  Starport  
  176  18:50  Viking x4  
  176  18:53  SCV  
  175  19:11  SCV x2  
  175  19:12  SCV x2  
  175  19:15  Orbital Command  
  179  19:23  SCV  
  180  19:28  Missile Turret  
  180  19:30  Starport Tech Lab x2  
  180  19:32  Missile Turret, Starport Reactor  
  180  19:34  Behemoth Reactor  
  180  19:39  Terran Ship Weapons Level 1  
  180  19:54  Marauder x2, Marine x5  
  180  19:55  Marine  
  190  20:09  Battlecruiser  
  134  20:46  Viking x5  
  134  20:47  Battlecruiser  
  147  20:56  Marauder x2, Marine x4  
  147  20:57  Marine x2  
  155  20:58  Viking x3  
  163  21:13  Battlecruiser  
  169  21:30  Starport Tech Lab  
  169  21:41  Starport Tech Lab  
  161  22:00  Battlecruiser x3  
  176  22:03  Viking x2, Marine x5  
  176  22:04  Marine x6  
  178  22:18  Liberator x3  
  178  23:10  Liberator x4  
  178  23:11  Liberator x2  
  178  23:28  Missile Turret  
  178  23:29  Viking  
  178  23:30  Marine x2  
  199  23:50  Command Center  
  199  23:54  Marine  
  191  24:05  Command Center  
  184  24:12  SCV x3  
  184  24:13  SCV  
  188  24:20  SCV  
  189  24:24  SCV  
  171  24:35  SCV x4  
  168  24:38  Medivac x3  
  168  24:39  Medivac x2  
  176  25:03  Missile Turret, Weapon Refit  
  172  25:16  Orbital Command  
  172  25:29  Marine x3  
  172  25:30  Marine x3  
  162  26:18  SCV  
  159  26:19  SCV  
  159  26:30  SCV  
  159  26:31  SCV  
  161  26:39  Medivac  
  163  26:41  Marine  
  163  26:42  SCV, Marine x8  
  163  26:43  Marine  
  163  26:44  SCV  
  175  27:17  Barracks Tech Lab x2  
  175  27:19  Marine x2  
  175  27:20  Marine x5  
  169  27:38  Viking x4  
  100  28:26  Medivac x3  
  88  28:27  Marauder x2, Marine x4  
  88  28:28  Marine x2  
  94  28:37  Refinery  
  85  28:51  Battlecruiser  
  85  28:52  Viking x2  
  84  29:11  Viking x2, Orbital Command  
  84  29:13  Marine  
  84  29:14  Marine x8  
  84  29:15  Marine  
  84  29:28  Marine x2  
  84  29:54  Marauder x2, Marine x3  
  84  29:55  Marine  
  92  30:05  Banshee x2  
  97  30:16  SCV x5  
  102  30:22  Missile Turret  
  100  30:37  Marauder x2, Marine x4  
  105  30:58  Viking x3  
  110  31:28  Marauder x2  
  97  31:50  Marauder  
  97  31:53  Orbital Command  
  99  32:01  Marauder  
  99  32:11  Marauder  
  92  32:48  Marauder, Marine  
  95  32:57  Marine  
  96  33:33  Orbital Command  
  69  33:37  Orbital Command  
  69  33:38  Viking x2  
  56  33:49  Marine x2  
  56  33:50  Marine  
  59  34:06  Marine x2  
  61  34:16  Orbital Command  
  61  34:22  Viking  
  61  34:23  Marine  
  57  34:41  Orbital Command  
  50  34:49  Orbital Command  
  49  35:07  Banshee x2  
  49  35:08  Banshee  
  49  35:13  Orbital Command  
  57  35:26  Orbital Command  
  56  35:57  Marine x4  
  56  35:58  Marine  
  56  35:59  Viking x2  
  53  36:25  Marine x3  
  53  36:26  Marine x4  
  56  37:33  SCV  
  54  37:45  SCV  
  55  37:53  Missile Turret  
  55  37:54  Missile Turret, Orbital Command  
  55  38:01  Orbital Command  
  53  38:22  SCV  
  55  38:28  SCV  
  55  38:44  Missile Turret  
  55  38:46  Missile Turret  
  55  39:06  Orbital Command  
  55  39:10  Marine x2  
  55  39:11  Marauder  
  59  39:26  SCV  
  57  39:57  SCV  
  58  40:06  Banshee  
  60  40:38  SCV  
  60  40:40  SCV x2  
  63  40:50  SCV  
  63  40:51  Marine x4  
  63  40:52  SCV, Marine x2  
  63  40:54  Missile Turret  
  71  41:02  SCV  
  72  41:04  SCV  
  72  41:07  SCV  
  72  41:09  Marine  
  75  41:15  SCV  
  75  41:16  SCV  
  69  41:19  SCV  
  69  41:23  Marine x3  
  62  41:27  SCV  
  53  41:48  Marine x5  
  53  41:49  Marine x4  
  62  41:59  Widow Mine x2  
  63  42:13  Marine x4  
  37  42:38  Medivac x2  
  37  42:39  Marine x5  
  44  42:46  Medivac  
  46  42:52  Marine  
  46  42:53  Marine  
  46  42:55  SCV  
  46  42:56  SCV  
  50  43:02  Medivac  
  52  43:15  Medivac x2  
  32  43:47  Marine x3, Marauder  
Show
View Real Time Build Order
Export as new Build Order

LilDicky Terran - Winner!

Build Orders: 1/1/1, Mech, Banshee Rush 

Get SALT Encoding   

  12  0:01  SCV  
  13  0:13  SCV  
  14  0:18  Supply Depot  
  14  0:25  SCV  
  15  0:29  Refinery  
  15  0:39  SCV  
  16  0:46  Barracks  
  16  0:52  SCV  
  17  1:04  SCV  
  18  1:16  SCV  
  19  1:28  SCV  
  20  1:35  Marine  
  20  1:36  Factory  
  21  1:40  Orbital Command  
  21  1:55  Refinery  
  21  1:57  Supply Depot  
  21  2:08  Marine  
  22  2:23  Factory Tech Lab, Starport  
  22  2:24  SCV  
  21  2:49  Marine  
  21  2:50  SCV, Siege Tank  
  26  3:03  Command Center  
  26  3:05  SCV  
  27  3:13  Medivac  
  29  3:22  SCV, Engineering Bay  
  29  3:23  Marine  
  31  3:40  Supply Depot  
  31  3:49  Cloaking Field  
  31  4:02  Banshee, SCV  
  35  4:04  Missile Turret  
  35  4:06  Supply Depot  
  35  4:08  Marine  
  36  4:12  Widow Mine  
  36  4:14  SCV  
  39  4:20  Orbital Command  
  32  5:11  SCV x2  
  32  5:21  Factory Tech Lab  
  32  5:29  SCV  
  33  6:00  Siege Tank  
  33  6:01  Banshee  
  36  6:06  SCV x2  
  36  6:07  Command Center, Factory  
  36  6:08  Factory  
  38  6:12  Refinery  
  38  6:13  Refinery  
  38  6:18  SCV  
  38  6:19  SCV  
  40  6:31  SCV x2  
  42  6:40  Marine  
  42  6:43  SCV x2  
  42  6:46  Siege Tank  
  47  6:54  Factory Tech Lab, Factory Reactor  
  47  6:55  SCV x2  
  47  6:58  Marine  
  50  7:06  Command Center  
  50  7:07  SCV x2  
  52  7:10  Missile Turret  
  52  7:14  Banshee  
  55  7:18  Hellion  
  55  7:19  SCV x2  
  57  7:24  Orbital Command  
  56  7:31  SCV  
  56  7:34  Refinery  
  56  7:36  SCV  
  58  7:43  SCV  
  57  7:45  Orbital Command  
  57  7:46  Siege Tank x2, Refinery  
  57  7:47  Hellion x2  
  57  7:48  SCV  
  57  7:50  Infernal Pre-Igniter  
  68  7:55  SCV  
  68  8:00  Banshee, SCV  
  72  8:12  SCV  
  73  8:22  Siege Tank  
  73  8:23  Hellion, Siege Tank  
  73  8:24  SCV, Hellion, Orbital Command  
  84  8:39  SCV  
  85  8:44  SCV  
  86  8:49  SCV  
  86  8:50  Missile Turret  
  87  8:56  Command Center, SCV  
  87  8:58  SCV  
  87  8:59  Refinery  
  87  9:01  SCV  
  90  9:06  Sensor Tower  
  90  9:08  SCV  
  91  9:14  SCV, Starport  
  91  9:15  Starport  
  91  9:16  Sensor Tower  
  92  9:23  Missile Turret  
  92  9:30  Refinery  
  92  9:31  Supply Depot  
  92  9:35  Banshee, Hellion x2, SCV  
  100  9:51  Supply Depot  
  100  9:52  SCV x3  
  103  9:56  Missile Turret  
  103  10:04  SCV  
  103  10:05  Supply Depot, SCV  
  103  10:06  Hellion  
  107  10:07  Starport Reactor  
  107  10:08  Hellion x2, Siege Tank  
  107  10:10  Starport Tech Lab  
  107  10:11  Supply Depot  
  107  10:12  SCV  
  115  10:17  SCV  
  116  10:24  SCV  
  117  10:29  SCV, Siege Tank  
  121  10:41  SCV  
  96  11:03  Hellion x3, Siege Tank  
  86  11:22  Viking  
  86  11:24  Banshee, Hellion, Viking x2, Siege Tank  
  95  11:35  Hellion  
  95  11:36  Hellion  
  97  11:46  Hellion  
  98  11:52  Viking  
  93  11:54  SCV x3  
  93  11:57  Planetary Fortress  
  95  12:04  Hellion x2  
  95  12:06  SCV  
  100  12:20  SCV x3  
  100  12:21  Command Center  
  103  12:32  SCV x3  
  103  12:35  Sensor Tower  
  106  12:44  SCV  
  107  12:51  Refinery  
  107  12:57  Refinery  
  86  13:28  Hellion x2  
  86  13:29  Hellion, Siege Tank  
  86  13:31  Viking x4  
  103  13:38  Sensor Tower  
  96  13:50  Hellion x2, Siege Tank  
  96  13:52  Planetary Fortress  
  102  14:01  Viking x2, Siege Tank  
  101  14:11  Hellion  
  101  14:12  Hellion  
  94  14:22  Banshee, Siege Tank  
  94  14:23  Banshee  
  92  14:33  Hellion x3  
  98  14:41  Command Center  
  98  14:43  Factory  
  98  14:44  Factory  
  98  14:46  Factory, Starport  
  98  14:48  Starport  
  98  14:49  Command Center  
  97  14:54  Hellion x2, Viking, Siege Tank x2  
  97  14:55  Viking  
  111  15:05  Banshee  
  111  15:06  Banshee  
  121  15:28  Hellion x2, Siege Tank  
  124  15:41  Missile Turret  
  121  15:58  Banshee x2  
  121  15:59  Starport Tech Lab x2  
  114  16:05  Armory  
  114  16:06  Armory  
  114  16:22  Orbital Command  
  114  16:25  Refinery  
  114  16:32  Refinery  
  113  16:33  Armory, Orbital Command  
  113  16:36  Refinery  
  113  16:39  Missile Turret  
  110  16:40  Banshee  
  110  16:41  Banshee  
  112  16:49  Banshee  
  112  16:50  Banshee, Viking x2  
  116  17:11  Hellion x3, Siege Tank x2  
  116  17:12  Hellion  
  116  17:13  Hellion, Orbital Command  
  128  17:20  Viking x2  
  118  17:26  Banshee  
  118  17:27  Banshee  
  117  17:32  Hellion, Viking  
  117  17:33  Viking  
  123  17:39  SCV  
  123  17:43  Siege Tank x2  
  130  17:51  SCV  
  130  17:55  Terran Vehicle And Ship Armor Level 1  
  131  18:02  Sensor Tower  
  131  18:03  SCV  
  132  18:05  Sensor Tower  
  132  18:06  Missile Turret  
  132  18:15  Siege Tank  
  132  18:16  SCV  
  132  18:18  Command Center  
  136  18:21  Hellion x5  
  146  18:28  SCV x3, Hellion  
  146  18:32  Supply Depot  
  151  18:35  Supply Depot  
  130  19:04  Hellion  
  130  19:05  Banshee, Hellion x3  
  130  19:06  Banshee  
  144  19:15  SCV  
  145  19:22  SCV  
  145  19:23  SCV  
  147  19:27  SCV  
  147  19:29  SCV  
  149  19:31  Planetary Fortress  
  149  19:34  SCV  
  149  19:35  SCV  
  151  19:39  SCV  
  151  19:41  SCV  
  153  19:46  SCV  
  153  19:48  Missile Turret  
  153  19:49  Missile Turret  
  153  19:51  SCV, Hellion x2  
  153  19:52  Hellion  
  167  19:54  SCV, Factory Reactor  
  167  19:55  Factory Reactor  
  167  19:58  SCV  
  163  20:06  SCV  
  164  20:13  Factory Tech Lab  
  164  20:18  SCV  
  164  20:20  Hellion x2  
  164  20:21  Hellion  
  168  20:30  SCV  
  168  20:33  Orbital Command  
  148  20:42  SCV  
  116  20:51  Hellion x3, Siege Tank x2  
  116  20:52  Banshee x3, Siege Tank  
  116  20:53  Banshee  
  116  20:54  SCV  
  144  21:07  SCV  
  144  21:09  SCV  
  146  21:11  Command Center, SCV  
  146  21:12  Terran Vehicle And Ship Armor Level 2  
  146  21:16  Armory  
  147  21:19  SCV  
  147  21:20  Hellion x6  
  147  21:21  SCV  
  147  21:23  SCV  
  147  21:24  Hellion x3  
  168  21:31  SCV  
  167  21:33  SCV  
  167  21:35  Banshee x3, SCV  
  178  21:41  Hellion x2  
  178  21:43  SCV  
  178  21:45  SCV  
  181  21:55  SCV  
  179  22:13  Viking x3  
  179  22:18  Banshee x2  
  179  22:19  Banshee  
  172  22:33  Cyclone x3, Widow Mine x5  
  189  22:38  Orbital Command  
  189  22:43  Viking x2, Terran Vehicle Weapons Level 1  
  190  22:45  Armory  
  190  22:49  Fusion Core  
  190  22:50  Refinery  
  187  22:52  Supply Depot x2  
  157  23:23  Viking x2  
  157  23:24  Viking x4  
  157  23:26  Cyclone x3  
  172  23:43  Behemoth Reactor  
  172  23:49  Refinery  
  172  23:53  Viking, Refinery  
  172  23:58  Cyclone x3  
  172  24:01  Refinery  
  181  24:04  Viking x3  
  167  24:30  Cyclone x2  
  167  24:31  Cyclone  
  162  24:48  Hellion x2  
  162  25:02  Cyclone  
  162  25:03  Cyclone x2  
  168  25:27  Viking x2  
  168  25:28  Viking x4  
  171  25:35  Siege Tank  
  178  25:38  Refinery x2  
  178  25:42  Refinery  
  178  25:43  Refinery  
  178  25:52  Command Center  
  178  25:57  Missile Turret x3  
  178  25:59  Missile Turret  
  178  26:00  Missile Turret  
  178  26:01  Missile Turret  
  168  26:21  Hellion x4  
  171  26:44  Viking x3  
  171  26:45  Viking x3  
  178  27:14  Viking x3  
  171  27:43  Supply Depot  
  171  27:46  Planetary Fortress, Supply Depot  
  171  27:47  Supply Depot x2  
  171  27:49  Supply Depot  
  179  28:05  Hellion x4  
  179  28:07  Hellion  
  179  28:08  Hellion, Siege Tank  
  112  28:27  Banshee x2, Hellion x2  
  112  28:28  Banshee, Viking x2  
  112  28:29  Hellion x2  
  112  28:30  Hellion x3  
  125  28:40  Siege Tank  
  122  28:48  Hellion x2  
  123  28:57  Command Center  
  123  29:07  Command Center  
  123  29:09  Command Center  
  94  29:26  Viking x4  
  94  29:27  Viking x2  
  105  29:52  Marine  
  105  29:54  Hellion x4  
  105  29:55  Hellion x3  
  105  29:56  Banshee x2  
  117  30:18  Hellion x2  
  117  30:19  Hellion x6  
  133  30:22  Refinery x2  
  133  30:23  Refinery  
  133  30:30  Refinery  
  132  30:40  Hellion x5  
  130  31:00  Banshee x3, Viking  
  130  31:01  Viking x2  
  129  31:07  Missile Turret  
  129  31:08  Missile Turret x2  
  129  31:10  Missile Turret  
  119  31:13  Hellion x4, Siege Tank  
  119  31:15  Factory Tech Lab  
  130  31:30  Viking  
  130  31:31  Viking x2  
  99  31:42  Hellion  
  99  31:43  Banshee x2, Hellion x2, Viking, Siege Tank  
  99  31:45  Thor  
  119  32:00  Viking  
  119  32:01  Viking x2  
  114  32:13  Viking  
  114  32:14  Thor  
  114  32:26  Viking x2  
  115  32:30  Viking  
  115  32:31  Viking x2  
  100  32:49  Terran Vehicle Weapons Level 2  
  100  32:50  Terran Ship Weapons Level 1  
  100  33:01  Refinery  
  100  33:07  Hellion x2, Siege Tank  
  100  33:08  Hellion x5  
  117  33:20  Command Center  
  117  33:29  Hellion x2  
  84  33:51  Hellion x3, Siege Tank  
  84  33:52  Hellion x3, Siege Tank  
  102  34:12  Hellion  
  102  34:13  Hellion x4  
  102  34:16  Hellion  
  111  34:24  Hellion x2  
  115  34:30  Viking  
  111  34:46  Planetary Fortress  
  99  34:55  Missile Turret  
  97  35:17  Banshee x2  
  97  35:18  Viking  
  89  35:54  SCV x2  
  65  36:18  Banshee x4  
  70  36:34  Hellion x3  
  73  36:46  Hellion  
  74  37:00  Banshee  
  69  37:14  Hellion x3  
  64  38:01  Viking x2  
  59  38:56  Hellion x3  
  57  39:36  Missile Turret x2  
  57  39:37  Widow Mine x2  
  59  39:39  Hellion x2  
  59  39:40  Viking x6  
  75  40:10  Viking x3  
  81  40:15  Orbital Command  
  75  40:35  Widow Mine x2  
  79  40:45  Hellion x3  
  79  40:46  Hellion x3  
  88  41:05  Hellion  
  87  42:06  Hellion x3, Siege Tank x2  
  87  42:07  Viking x2  
  103  42:12  SCV  
  104  42:15  SCV  
  61  42:41  Hellion x2, Siege Tank  
  61  42:44  SCV x3  
  71  42:56  SCV  
  73  43:12  SCV  
  73  43:15  SCV x2  
Tags
 
Add a new tag
Caveats
  • Supply blocks, unpowered buildings, or Contaminate may cause inaccurate times.
  • Supply counts are checked every 10 seconds.